 Dungeon Crawl Stone Soup version 0.21.1-1-g345015fe64 (webtiles) character file.

92 Naru the Shield-Bearer (level 4, -11/29 HPs)
             Began as a Gargoyle Fighter on June 23, 2018.
             Killed by divine providence
             ... invoked by an orc priest
              (13 damage)
             ... on level 3 of the Dungeon.
             The game lasted 00:02:13 (1700 turns).

Naru the Shield-Bearer (Gargoyle Fighter)           Turns: 1700, Time: 00:02:13

Health: -11/29     AC: 12    Str: 25    XL:     4   Next: 60%
Magic:  4/4        EV:  4    Int:  8    God:
Gold:   87         SH: 15    Dex: 10    Spells: 3/3 levels left

rFire    . . .     SeeInvis .   a - +0 flail
rCold    . . .     Gourm    .   k - +0 large shield
rNeg     + . .     Faith    .   p - +0 chain mail
rPois    ∞         Spirit   .   (no helmet)
rElec    +         Reflect  .   (no cloak)
rCorr    .         Harm     .   (no gloves)
MR       .....                  (no boots)
Stlth    ..........             (no amulet)
HPRegen  0.09/turn              (no ring)
MPRegen  0.09/turn              (no ring)

@: mighty
A: negative energy resistance 1, electricity resistance, unbreathing,
petrification resistance, rot immunity, AC +3
a: no special abilities


You were on level 3 of the Dungeon.
You were very hungry.

You visited 1 branch of the dungeon, and saw 3 of its levels.

You collected 87 gold pieces.

Inventory:

Hand Weapons
 a - a +0 flail (weapon)
Armour
 k - a +0 large shield (worn)
 p - a +0 chain mail (worn)
Scrolls
 b - a scroll of fear {unknown}
 c - 2 scrolls of random uselessness {unknown}
 e - 2 scrolls of noise {unknown}
 g - 6 scrolls of identify {unknown}
 h - a scroll of fog {unknown}
 n - 2 scrolls of immolation {unknown}
Potions
 i - a potion of brilliance {unknown}
 j - 2 potions of mutation {unknown}
 l - a potion of heal wounds {unknown}
 m - a potion of agility {unknown}
 o - a potion of cancellation {unknown}
Comestibles
 f - 2 rations


   Skills:
 * Level 3.8 Fighting
 * Level 2.7 Maces & Flails
 + Level 3.4 Armour
 + Level 0.7 Dodging
 * Level 4.5 Shields


You had 3 spell levels left.
You didn't know any spells.

Dungeon Overview and Level Annotations

Branches:
Dungeon (3/15)

Altars:
Kikubaaqudgha


Innate Abilities, Weirdness & Mutations

You are resistant to torment.
Your stone body is resilient. (AC +3)
You are immune to poison.
You resist negative energy. (rN+)
You are resistant to electric shocks. (rElec)
You can survive without breathing.
You are immune to petrification.
You are immune to rotting.


Message History

* * * LOW HITPOINT WARNING * * *
You feel very mighty all of a sudden.
The orc wizard gestures wildly while chanting.
The orc wizard blinks!
The orc priest hits you but does no damage.
You hit the orc priest but do no damage.
The orc priest is moderately wounded.
The orc priest hits you but does no damage.
You closely miss the orc priest.
The orc priest is moderately wounded.
The orc priest hits you but does no damage.
You closely miss the orc priest.
The orc priest is moderately wounded.
You are feeling very hungry.
You block the orc priest's attack.
The orc wizard casts a spell.
The orc wizard blinks!
The orc priest invokes the aid of Beogh against you.
Beogh smites you!
You die...

#..##.#
#.....#
#.#####
#.# #.#
#.# #.#
#.# #@#
#o# #J#
...o..ro.#
..(.o....#
.........#
..o......#
.##......#
#......#


You could see an orc priest, an ooze, an orc and a quokka (wandering).

Vanquished Creatures
  3 gnolls (D:2)
  2 adders (D:2)
  A worm (D:3)
  A dart slug (D:2)
  2 orcs (D:3)
  A ball python (D:3)
  2 giant cockroaches (D:1)
  A goblin (D:2)
  4 hobgoblins
  6 jackals
  6 kobolds
  A quokka (D:2)
  3 bats
  2 frilled lizards (D:2)
  4 rats
39 creatures vanquished.

Notes
Turn   | Place    | Note
-------+----------+-------------------------------------------
     0 | D:1      | Naru the Gargoyle Fighter began the quest for the Orb.
     0 | D:1      | Reached XP level 1. HP: 14/14 MP: 1/1
   217 | D:1      | Reached XP level 2. HP: 11/19 MP: 2/2
   964 | D:2      | Reached XP level 3. HP: 21/24 MP: 3/3
  1103 | D:2      | Reached skill level 4 in Shields
  1112 | D:2      | Reached XP level 4. HP: 18/29 MP: 4/4
  1607 | D:2      | Found an ancient bone altar of Kikubaaqudgha.
  1696 | D:3      | HP: 1/29 [orc priest/divine providence (7)]
  1700 | D:3      | Killed from afar by an orc priest

Skill      XL: |  1  2  3 |
---------------+----------+-----
Shields        | 4 |  4.5
Fighting       | |  3.8
Maces & Flails | |  2.7
Armour         | |  3.4
Dodging        | |  0.7

Action                   |  1- 3 |  4- 6 || total
-------------------------+-------+-------++-------
Melee: Flail             |    92 |    64 ||   156
  Use: Potion            |       |     2 ||     2
  Eat: Chunk             |     1 |     1 ||     2
Armor: Scale mail        |    70 |       ||    70
       Chain mail        |     4 |    29 ||    33
Dodge: Dodged            |    31 |     9 ||    40
Block: Large shield      |   129 |    49 ||   178
       Shield            |     3 |       ||     3
